| TOP OF THE 1ST |
|
San Diego Padres batting - Pitching for Montreal Expos : LHP Michael Steen
|
|
Pitching: LHP Michael Steen
|
|
|
Batting: RHB Bob Dernier
|
0-0: Ball 1-0: Called Strike 1-1: Fly out, F9 (Flyball, 9LD, EV 83.1 MPH)
|
|
Batting: RHB Joel Youngblood
|
0-0: Swinging Strike 0-1: Ground out 4-3 (Groundball, 4, EV 80.6 MPH)
|
|
Batting: RHB Dennis Dungy
|
0-0: Ball 1-0: Ball 2-0: Foul Ball, location: 2F 2-1: TRIPLE (Line Drive, 89XD, EV 108.1 MPH)
|
|
Batting: RHB Kelvin Moore
|
0-0: Ball 1-0: Foul Ball, location: 2F 1-1: Ball 2-1: Swinging Strike 2-2: Foul Ball, location: 2F 2-2: Strikes out swinging
|
| Top of the 1st over - 0 runs, 1 hit, 0 errors, 1 left on base; San Diego 0 - Montreal 0 |
| BOTTOM OF THE 1ST |
|
Montreal Expos batting - Pitching for San Diego Padres : LHP Danny Arizola
|
|
Pitching: LHP Danny Arizola
|
|
|
Batting: LHB Guonçalo Fernandes
|
0-0: Called Strike 0-1: Ball 1-1: Ball 2-1: Ball 3-1: Foul Ball, location: 2F 3-2: Base on Balls
|
|
Batting: SHB Garry Templeton
|
0-0: Ball 1-0: Ball 2-0: Called Strike 2-1: Foul Ball, location: 2F 2-2: SINGLE (Flyball, 7LS, EV 89.4 MPH) Guonçalo Fernandes to second
|
|
Batting: RHB Dale Murphy
|
0-0: Ball 1-0: Ball 2-0: SINGLE (Groundball, 6MD, EV 107.5 MPH) Guonçalo Fernandes to third Garry Templeton to second Runner from 3rd tries for Home, SAFE, throw by CF to home
|
|
Batting: LHB Duane Walker
|
0-0: Foul Ball, location: 2F 0-1: Fielders Choice at 2nd, 4-6 (Groundball, 4, EV 85.0 MPH) Garry Templeton to third
|
|
Batting: RHB Dave Winfield
|
0-0: Ball 1-0: Foul Ball, location: 2F 1-1: Ball 2-1: Ball 3-1: Base on Balls Duane Walker to second
|
|
Batting: SHB Alex Ortiz
|
0-0: Ball 1-0: Called Strike 1-1: Called Strike 1-2: Strikes out swinging
|
|
Batting: LHB Ernesto Quevedo
|
0-0: Swinging Strike 0-1: Ball Passed Ball! Garry Templeton scores Duane Walker to third Dave Winfield to second 1-1: Foul Ball, location: 2F 1-2: Foul Ball, location: 2F 1-2: Ball 2-2: Fly out, F4 (Flyball, 34D, EV 84.4 MPH)
|
| Bottom of the 1st over - 2 runs, 2 hits, 0 errors, 2 left on base; San Diego 0 - Montreal 2 |
| TOP OF THE 2ND |
|
San Diego Padres batting - Pitching for Montreal Expos : LHP Michael Steen
|
|
Batting: LHB Jerry McDonald
|
0-0: Swinging Strike 0-1: Called Strike 0-2: Strikes out swinging wild pitch, reaches first!
|
|
Batting: RHB Heriberto Soltero
|
0-0: Ball 1-0: Foul Ball, location: 2F 1-1: Foul Ball, location: 2F 1-2: SINGLE (Line Drive, 9S, EV 92.5 MPH) Jerry McDonald to second Runner from 2nd tries for 3rd, SAFE, throw by RF made to third
|
|
Batting: RHB Eddy Martinez
|
0-0: Called Strike 0-1: Ball 1-1: Fly out, F9 (Flyball, 9, EV 85.6 MPH) Runner from 3rd tags up, SCORES, throw by RF
|
|
Batting: LHB Jeffrey Zitek
|
0-0: Called Strike 0-1: Ball 1-1: Swinging Strike 1-2: Ball 2-2: Strikes out swinging
|
|
Batting: LHB Danny Arizola
|
0-0: Foul Ball, location: 2F 0-1: Foul Ball, location: 2F 0-2: Ball 1-2: Strikes out swinging
|
| Top of the 2nd over - 1 run, 1 hit, 0 errors, 1 left on base; San Diego 1 - Montreal 2 |
| BOTTOM OF THE 2ND |
|
Montreal Expos batting - Pitching for San Diego Padres : LHP Danny Arizola
|
|
Batting: SHB Biff Pocoroba
|
0-0: Ground out 3-1 (Groundball, 34S, EV 91.3 MPH)
|
|
Batting: RHB Michael Steen
|
0-0: Swinging Strike 0-1: Swinging Strike 0-2: Strikes out swinging
|
|
Batting: LHB Guonçalo Fernandes
|
0-0: Called Strike 0-1: Ball 1-1: Ball 2-1: Foul Ball, location: 2F 2-2: Ground out 6-3 (Groundball, 6, EV 88.8 MPH)
|
| Bottom of the 2nd over - 0 runs, 0 hits, 0 errors, 0 left on base; San Diego 1 - Montreal 2 |
| TOP OF THE 3RD |
|
San Diego Padres batting - Pitching for Montreal Expos : LHP Michael Steen
|
|
Batting: RHB Bob Dernier
|
0-0: Called Strike 0-1: Ball 1-1: Bunt for hit to 13S - play at first, batter safe!
|
|
Batting: RHB Joel Youngblood
|
0-0: Ball 1-0: Fielders Choice at 2nd, 4-6 (Groundball, 4, EV 86.9 MPH)
|
|
Batting: RHB Dennis Dungy
|
0-0: Ball 1-0: Foul Ball, location: 2F 1-1: Foul Ball, location: 2F 1-2: Fly out, F7 (Flyball, 78S, EV 88.1 MPH)
|
|
Batting: RHB Kelvin Moore
|
0-0: Fly out, F4 (Popup, 4D, EV 70.0 MPH)
|
| Top of the 3rd over - 0 runs, 1 hit, 0 errors, 1 left on base; San Diego 1 - Montreal 2 |
| BOTTOM OF THE 3RD |
|
Montreal Expos batting - Pitching for San Diego Padres : LHP Danny Arizola
|
|
Batting: SHB Garry Templeton
|
0-0: Ball 1-0: Foul Ball, location: 2F 1-1: Called Strike 1-2: Ball 2-2: Foul Ball, location: 2F 2-2: Ball 3-2: Base on Balls
|
|
Batting: RHB Dale Murphy
|
0-0: Grounds into double play, 6-4-3 (Groundball, 6, EV 87.5 MPH)
|
|
Batting: LHB Duane Walker
|
0-0: Ball 1-0: Ball 2-0: SINGLE (Groundball, 25, EV 64.4 MPH) (infield hit)
|
|
Batting: RHB Dave Winfield
|
0-0: Called Strike 0-1: Ball 1-1: Ball 2-1: Ball 3-1: Ground out 4-3 (Groundball, 4, EV 87.5 MPH)
|
| Bottom of the 3rd over - 0 runs, 1 hit, 0 errors, 1 left on base; San Diego 1 - Montreal 2 |
| TOP OF THE 4TH |
|
San Diego Padres batting - Pitching for Montreal Expos : LHP Michael Steen
|
|
Batting: LHB Jerry McDonald
|
0-0: Ball 1-0: Ground out 6-3 (Groundball, 56, EV 103.8 MPH)
|
|
Batting: RHB Heriberto Soltero
|
0-0: Called Strike 0-1: Ball 1-1: Ball 2-1: Called Strike 2-2: Foul Ball, location: 2F 2-2: Ground out 6-3 (Groundball, 6, EV 80.6 MPH)
|
|
Batting: RHB Eddy Martinez
|
0-0: Ball 1-0: Called Strike 1-1: Called Strike 1-2: Ball 2-2: Fly out, F6 (Popup, 15S, EV 86.9 MPH)
|
| Top of the 4th over - 0 runs, 0 hits, 0 errors, 0 left on base; San Diego 1 - Montreal 2 |
| BOTTOM OF THE 4TH |
|
Montreal Expos batting - Pitching for San Diego Padres : LHP Danny Arizola
|
|
Batting: SHB Alex Ortiz
|
0-0: Called Strike 0-1: Ball 1-1: Ball 2-1: Foul Ball, location: 2F 2-2: Foul Ball, location: 2F 2-2: Foul Ball, location: 2F 2-2: Foul Ball, location: 2F 2-2: Foul Ball, location: 2F 2-2: Ground out U3 (Groundball, 3S, EV 85.6 MPH)
|
|
Batting: LHB Ernesto Quevedo
|
0-0: Called Strike 0-1: Swinging Strike 0-2: Hit by Pitch
|
|
Batting: SHB Biff Pocoroba
|
0-0: Fly out, F7 (Flyball, 7LS, EV 86.3 MPH)
|
|
Batting: RHB Michael Steen
|
0-0: Called Strike 0-1: Ball 1-1: Swinging Strike 1-2: Fly out, F7 (Flyball, 7LD, EV 102.5 MPH)
|
| Bottom of the 4th over - 0 runs, 0 hits, 0 errors, 1 left on base; San Diego 1 - Montreal 2 |
| TOP OF THE 5TH |
|
San Diego Padres batting - Pitching for Montreal Expos : LHP Michael Steen
|
|
Batting: LHB Jeffrey Zitek
|
0-0: Ball 1-0: Ball 2-0: Called Strike 2-1: Fly out, F9 (Line Drive, 9, EV 98.1 MPH)
|
|
Batting: LHB Danny Arizola
|
0-0: Called Strike 0-1: Ball 1-1: Swinging Strike 1-2: Ball 2-2: Strikes out swinging
|
|
Batting: RHB Bob Dernier
|
0-0: Called Strike 0-1: Ball 1-1: Ball 2-1: Swinging Strike 2-2: Strikes out swinging
|
| Top of the 5th over - 0 runs, 0 hits, 0 errors, 0 left on base; San Diego 1 - Montreal 2 |
| BOTTOM OF THE 5TH |
|
Montreal Expos batting - Pitching for San Diego Padres : LHP Danny Arizola
|
|
Batting: LHB Guonçalo Fernandes
|
0-0: Fly out, F8 (Flyball, 8LD, EV 82.5 MPH)
|
|
Batting: SHB Garry Templeton
|
0-0: Ground out 5-3 (Groundball, 6S, EV 86.9 MPH)
|
|
Batting: RHB Dale Murphy
|
0-0: Ball 1-0: Foul Ball, location: 2F 1-1: Fly out, F8 (Flyball, 8LM, EV 81.9 MPH)
|
| Bottom of the 5th over - 0 runs, 0 hits, 0 errors, 0 left on base; San Diego 1 - Montreal 2 |
| TOP OF THE 6TH |
|
San Diego Padres batting - Pitching for Montreal Expos : LHP Michael Steen
|
|
Batting: RHB Joel Youngblood
|
0-0: Ball 1-0: Ball 2-0: Foul Ball, location: 2F 2-1: Swinging Strike 2-2: Ball 3-2: Foul Ball, location: 2F 3-2: Foul Ball, location: 2F 3-2: Strikes out swinging
|
|
Batting: RHB Dennis Dungy
|
0-0: Foul Ball, location: 2F 0-1: Swinging Strike 0-2: Strikes out swinging
|
|
Batting: RHB Kelvin Moore
|
0-0: Ball 1-0: Called Strike 1-1: Hit by Pitch
|
|
Batting: LHB Jerry McDonald
|
0-0: Ball 1-0: Called Strike 1-1: Ball 2-1: Foul Ball, location: 2F 2-2: Foul Ball, location: 2F 2-2: SINGLE (Line Drive, 9LS, EV 91.9 MPH) Kelvin Moore to second Runner from 2nd tries for 3rd, SAFE, throw by RF made to third
|
|
Batting: RHB Heriberto Soltero
|
0-0: Called Strike 0-1: Ball 1-1: Foul Ball, location: 2F 1-2: Strikes out looking
|
| Top of the 6th over - 0 runs, 1 hit, 0 errors, 2 left on base; San Diego 1 - Montreal 2 |
| BOTTOM OF THE 6TH |
|
Montreal Expos batting - Pitching for San Diego Padres : LHP Danny Arizola
|
|
Batting: LHB Duane Walker
|
0-0: Foul Ball, location: 2F 0-1: Swinging Strike 0-2: Ball 1-2: Strikes out looking
|
|
Batting: RHB Dave Winfield
|
0-0: Ball 1-0: Fly out, F8 (Line Drive, 8LM, EV 96.9 MPH)
|
|
Batting: SHB Alex Ortiz
|
0-0: Called Strike 0-1: Swinging Strike 0-2: Ball 1-2: Strikes out swinging
|
| Bottom of the 6th over - 0 runs, 0 hits, 0 errors, 0 left on base; San Diego 1 - Montreal 2 |
| TOP OF THE 7TH |
|
San Diego Padres batting - Pitching for Montreal Expos : LHP Michael Steen
|
|
Batting: RHB Eddy Martinez
|
0-0: Ball 1-0: Ball 2-0: Called Strike 2-1: Called Strike 2-2: Fly out, F3 (Popup, 3S, EV 71.3 MPH)
|
|
Batting: LHB Jeffrey Zitek
|
0-0: Ball 1-0: Called Strike 1-1: Foul Ball, location: 2F 1-2: Ball 2-2: Fly out, F5 (Popup, 56S, EV 84.4 MPH)
|
|
Batting: LHB Danny Arizola
|
0-0: Called Strike 0-1: Ball 1-1: Ball 2-1: Foul Ball, location: 2F 2-2: Foul Ball, location: 2F 2-2: Foul Ball, location: 2F 2-2: Strikes out swinging
|
| Top of the 7th over - 0 runs, 0 hits, 0 errors, 0 left on base; San Diego 1 - Montreal 2 |
| BOTTOM OF THE 7TH |
|
Montreal Expos batting - Pitching for San Diego Padres : LHP Danny Arizola
|
|
Batting: LHB Ernesto Quevedo
|
0-0: Called Strike 0-1: Ball 1-1: Called Strike 1-2: Foul Ball, location: 2F 1-2: Strikes out looking
|
|
Batting: SHB Biff Pocoroba
|
0-0: Called Strike 0-1: Ball 1-1: Swinging Strike 1-2: Ball 2-2: Ball 3-2: Strikes out swinging
|
|
Pinch Hitting: RHB Philip Klimas
|
0-0: Foul Ball, location: 2F 0-1: Ball 1-1: Ball 2-1: Foul Ball, location: 2F 2-2: Ball 3-2: Strikes out swinging
|
| Bottom of the 7th over - 0 runs, 0 hits, 0 errors, 0 left on base; San Diego 1 - Montreal 2 |
| TOP OF THE 8TH |
|
San Diego Padres batting - Pitching for Montreal Expos : LHP Michael Steen
|
|
Pitching: LHP Bob Ojeda
|
|
|
Batting: RHB Bob Dernier
|
0-0: Called Strike 0-1: Ball 1-1: Ball 2-1: Foul Ball, location: 2F 2-2: Foul Ball, location: 2F 2-2: Fly out, F8 (Line Drive, 8RD, EV 89.4 MPH)
|
|
Batting: RHB Joel Youngblood
|
0-0: Ball 1-0: Ball 2-0: Ball 3-0: Base on Balls
|
|
Batting: RHB Dennis Dungy
|
0-0: Ball 1-0: SINGLE (Groundball, 6D, EV 101.3 MPH) Joel Youngblood to second
|
|
Batting: RHB Kelvin Moore
|
0-0: Called Strike 0-1: Called Strike 0-2: Ball 1-2: Ball 2-2: Foul Ball, location: 2F 2-2: SINGLE (Groundball, 5S, EV 73.1 MPH) (infield hit) Joel Youngblood to third Dennis Dungy to second
|
|
Pinch Hitting: RHB Tommy Curran
|
0-0: Ball 1-0: Ball 2-0: DOUBLE (Line Drive, 9LM, EV 108.1 MPH) Joel Youngblood scores Dennis Dungy scores Kelvin Moore to third Runner from 3rd tries for Home, SAFE, throw by RF to trailing runner, SAFE at third!
|
|
Batting: RHB Heriberto Soltero
|
0-0: Called Strike 0-1: Ball 1-1: Called Strike 1-2: Ball 2-2: Ball 3-2: Fly out, F9 (Flyball, 9D, EV 90.0 MPH) Runner from 3rd tags up, OUT at HOME! 9-2
|
| Top of the 8th over - 3 runs, 3 hits, 0 errors, 0 left on base; San Diego 4 - Montreal 2 |
| BOTTOM OF THE 8TH |
|
Montreal Expos batting - Pitching for San Diego Padres : LHP Danny Arizola
|
|
Now in LF: Chris Chambliss
|
|
|
Batting: LHB Guonçalo Fernandes
|
0-0: Fly out, F9 (Flyball, 9LS, EV 78.8 MPH)
|
|
Batting: SHB Garry Templeton
|
0-0: Called Strike 0-1: Fly out, F8 (Flyball, 8LM, EV 91.9 MPH)
|
|
Batting: RHB Dale Murphy
|
0-0: Foul Ball, location: 2F 0-1: Ball 1-1: Ball 2-1: Called Strike 2-2: Ground out U3 (Groundball, 3, EV 80.6 MPH)
|
| Bottom of the 8th over - 0 runs, 0 hits, 0 errors, 0 left on base; San Diego 4 - Montreal 2 |
| TOP OF THE 9TH |
|
San Diego Padres batting - Pitching for Montreal Expos : LHP Bob Ojeda
|
|
Batting: RHB Eddy Martinez
|
0-0: Ball 1-0: Ball 2-0: Ball 3-0: Base on Balls
|
|
Pitching: RHP Terry Leach
|
|
|
Batting: LHB Jeffrey Zitek
|
0-0: Called Strike 0-1: Fly out, F4 (Line Drive, 4, EV 66.3 MPH)
|
|
Pinch Hitting: LHB Eric Attaway
|
0-0: Ball 1-0: Grounds into double play, 4-6-3 (Groundball, 4MD, EV 99.4 MPH)
|
| Top of the 9th over - 0 runs, 0 hits, 0 errors, 0 left on base; San Diego 4 - Montreal 2 |
| BOTTOM OF THE 9TH |
|
Montreal Expos batting - Pitching for San Diego Padres : LHP Danny Arizola
|
|
Pitching: RHP David Sandoval
|
|
|
Batting: LHB Duane Walker
|
0-0: Called Strike 0-1: Called Strike 0-2: Ball 1-2: Ball 2-2: Ball 3-2: Ground out 6-3 (Groundball, 6M, EV 108.8 MPH)
|
|
Batting: RHB Dave Winfield
|
0-0: Called Strike 0-1: Hit by Pitch
|
|
Pinch Hitting: LHB Kirk Gibson
|
0-0: Called Strike 0-1: Ball 1-1: Foul Ball, location: 2F 1-2: Ball 2-2: Strikes out swinging
|
|
Batting: LHB Ernesto Quevedo
|
0-0: Ground out 4-3 (Groundball, 34, EV 104.4 MPH)
|
| Bottom of the 9th over - 0 runs, 0 hits, 0 errors, 1 left on base; San Diego 4 - Montreal 2 |
|